 Dungeon Crawl Stone Soup version 0.23.2-33-g5129a83184 (webtiles) character file.

Game seed: 8992226893039404680

344 Revguard the Slasher (level 6, -2/44 (46) HPs)
             Began as a Demonspawn Gladiator on July 5, 2019.
             Slain by an ogre
             ... wielding a +0 giant club
              (12 damage)
             ... on level 5 of the Dungeon.
             The game lasted 00:07:54 (2676 turns).

Revguard the Slasher (Demonspawn Gladiator)         Turns: 2676, Time: 00:07:55

HP:   -2/44 (46)    AC:  8    Str: 20    XL:     6   Next: 31%
MP:   7/7           EV: 13    Int:  9    God:
Gold: 274           SH:  0    Dex: 16    Spells: 5/5 levels left

rFire    . . .     SeeInvis .   a - +0 long sword
rCold    + . .     Gourm    .   (no shield)
rNeg     . . .     Faith    .   h - +0 ring mail
rPois    .         Spirit   .   c - +0 helmet
rElec    .         Reflect  .   (no cloak)
rCorr    .         Harm     .   (no gloves)
MR       .....                  (no boots)
Stlth    ++........             (no amulet)
HPRegen  0.14/turn              e - ring of stealth
MPRegen  0.10/turn              (no ring)

@: mighty
A: thin metallic scales 1, cold resistance 1
a: no special abilities


You were on level 5 of the Dungeon.
You were not hungry.

You visited 1 branch of the dungeon, and saw 5 of its levels.

You collected 274 gold pieces.

Inventory:

Hand Weapons
 a - a +0 long sword (weapon)
Missiles
 d - 3 throwing nets (quivered)
Armour
 c - a +0 helmet (worn)
 h - a +0 ring mail (worn)
Jewellery
 e - a ring of stealth (left hand)
 l - an uncursed ring of protection from cold
Wands
 k - a wand of random effects (11)
Scrolls
 b - a scroll of noise
 g - 3 scrolls of remove curse
 m - a scroll of magic mapping
 n - a scroll of teleportation {unknown}
Potions
 i - 2 potions of flight
 j - a potion of might
Comestibles
 f - 7 rations
 o - 6 chunks of flesh


   Skills:
 + Level 2.9 Fighting
 + Level 4.3 Long Blades
 - Level 1.7 Throwing
 * Level 2.8 Armour
 + Level 3.6 Dodging
 * Level 1.6 Evocations


You had 5 spell levels left.
You didn't know any spells.
Your spell library was empty.

Dungeon Overview and Level Annotations

Branches:
Dungeon (4/15)
 Temple: D:4-7

Altars:
Dithmenos
Fedhas
Hepliaklqana
Trog


Innate Abilities, Weirdness & Mutations

You are partially covered in thin metallic scales. (AC +2)
Your flesh is cold resistant. (rC+)


Message History

You hit the adder but do no damage.
The adder is almost dead.
The adder closely misses you.
You hit the adder.
You kill the adder!
You see here a hound corpse.
An ogre comes into view. It is wielding a +0 giant club.
Found a runed hunting sling and a dagger.
Found a bloodstained altar of Trog.
The ogre hits you with a +0 giant club!!
You hit the ogre.
The ogre is lightly wounded.
The ogre hits you with a +0 giant club!
* * * LOW HITPOINT WARNING * * *
You hit the ogre.
The ogre is lightly wounded.
The ogre barely misses you.
You feel very mighty all of a sudden. The ogre hits you with a +0 giant club!
You die...

##......# #.#
######.###.#
##...## ##.## #.#
#.# #.#
...#######.####.###
.......@O.........#
##.#######.###)._.#
#.# ...# #.# .##
#.# # #.# #.# ..#


You could see an ogre.

Vanquished Creatures
  A necrophage (D:4)
  A hound (D:5)
  An orc wizard (D:2)
  An iguana (D:4)
  A worker ant zombie (D:5)
  3 gnolls (D:5)
  4 adders
  2 worms
  2 leopard geckos
  9 orcs
  4 ball pythons
  10 bats
  2 giant cockroaches
  7 goblins
  14 hobgoblins
  5 jackals (D:3)
  5 frilled lizards
  2 kobolds
  11 rats
85 creatures vanquished.

Vanquished Creatures (others)
  An iguana (D:5)
  An adder (D:5)
  A jackal (D:5)
  A quokka (D:5)
4 creatures vanquished.

Grand Total: 89 creatures vanquished

Notes
Turn   | Place    | Note
-------+----------+-------------------------------------------
     0 | D:1      | Revguard the Demonspawn Gladiator began the quest for the
                  | Orb.
     0 | D:1      | Reached XP level 1. HP: 16/16 MP: 1/1
   263 | D:1      | Gained mutation: You are partially covered in thin metallic
                  | scales. (AC +2) [demonic ancestry]
   263 | D:1      | Reached XP level 2. HP: 22/22 MP: 2/2
   343 | D:1      | Reached skill level 3 in Long Blades
   660 | D:2      | Found a shadowy altar of Dithmenos.
   668 | D:2      | Gained mutation: Your flesh is cold resistant. (rC+)
                  | [demonic ancestry]
   668 | D:2      | Reached XP level 3. HP: 17/27 MP: 3/3
   673 | D:2      | Reached skill level 1 in Armour
   749 | D:2      | Found a hazy altar of Hepliaklqana.
   749 | D:2      | Found a blossoming altar of Fedhas.
   971 | D:2      | Reached XP level 4. HP: 5/34 MP: 4/4
  1699 | D:3      | Reached XP level 5. HP: 34/39 MP: 5/5
  2227 | D:4      | Noticed a necrophage
  2242 | D:4      | Killed a necrophage
  2242 | D:4      | Reached skill level 4 in Long Blades
  2242 | D:4      | Reached skill level 1 in Evocations
  2561 | D:4      | You fall through a shaft!
  2561 | D:5      | Entered Level 5 of the Dungeon
  2572 | D:5      | Reached XP level 6. HP: 44/44 MP: 7/7
  2663 | D:5      | Found a bloodstained altar of Trog.
  2676 | D:5      | Slain by an ogre

Skill      XL: |  1  2  3  4  5 |
---------------+----------------+-----
Long Blades    | 3 4 |  4.3
Dodging        | 3 |  3.6
Armour         | 1 2 |  2.8
Evocations     | 1 |  1.6
Fighting       | |  2.9
Throwing       | |  1.7

Action                   |  1- 3 |  4- 6 || total
-------------------------+-------+-------++-------
Melee: Long sword        |   101 |   168 ||   269
  Use: Potion            |     8 |     1 ||     9
       Scroll            |       |     6 ||     6
 Stab: Sleeping          |       |     1 ||     1
  Eat: Chunk             |       |     6 ||     6
Armor: Ring mail         |    65 |    58 ||   123
       Leather armour    |     1 |       ||     1
Dodge: Dodged            |   106 |   146 ||   252
       Rpst.: Long sword |    44 |    42 ||    86
